 Dungeon Crawl Stone Soup version 0.18.1-5-g4a78601 (webtiles) character file.

853 namelastname112 the Sneak (level 7, 0/58 HPs)
             Began as a White Draconian Assassin on May 11, 2016.
             Killed by nerve-wracking pain
             ... invoked by an orc priest
              (3 damage)
             ... on level 5 of the Dungeon.
             The game lasted 00:05:42 (3108 turns).

namelastname112 the Sneak (DrAs)                    Turns: 3108, Time: 00:05:43

Health: 0/58       AC:  7    Str: 11 (13) XL:     7   Next: 70%
Magic:  7/7        EV: 13    Int:  8 (11) God:
Gold:   114        SH:  0    Dex: 14 (15) Spells: 0 memorised, 6 levels left

rFire  . . .     SeeInvis .     d - +0 dagger (venom)
rCold  + . .     Gourm    .     (armour unavailable)
rNeg   . . .     Faith    .     (no shield)
rPois  .         Spirit   .     (helmet restricted)
rElec  .         Dismiss  .     c - +0 cloak
rCorr  .         Reflect  .     (no gloves)
SustAt .         Harm     .     (no boots)
MR     .....                    (no amulet)
Stlth  +++.......               (no ring)
                                (no ring)

@: slowed, invisible, very slow, not resistant to hostile enchantments, fairly
stealthy
A: breathe frost, unfitting armour, cold resistance 1, cold-blooded, AC +6
a: Breathe Frost


You were on level 5 of the Dungeon.
You were hungry.

You visited 1 branch of the dungeon, and saw 5 of its levels.

You collected 114 gold pieces.

Inventory:

Hand Weapons
 b - a +0 blowgun
 d - a +0 dagger of venom (weapon)
Missiles
 a - 7 poisoned needles
 e - 2 curare-tipped needles
Armour
 c - a +0 cloak (worn)
Wands
 w - a wand of flame (24/48)
Scrolls
 i - 3 scrolls of fog {unknown}
 k - 2 scrolls of remove curse {unknown}
 o - 2 scrolls of recharging {unknown}
 p - 5 scrolls of identify {unknown}
 s - a scroll of amnesia {unknown}
 v - a scroll of noise {unknown}
 x - a scroll of random uselessness {unknown}
Potions
 h - 2 potions of degeneration
 j - a potion of might {unknown}
 l - 2 potions of lignification {unknown}
 r - a potion of brilliance {unknown}
 t - a potion of invisibility
 u - a potion of resistance {unknown}
Comestibles
 f - 4 bread rations
 g - 2 fruits
 q - a meat ration


   Skills:
 + Level 3.8 Fighting
 * Level 5.0 Short Blades
 + Level 3.5 Throwing
 + Level 2.8 Dodging
 * Level 6.1 Stealth


You had 6 spell levels left.
You didn't know any spells.

Dungeon Overview and Level Annotations

Branches:
Dungeon (5/15)
 Temple: D:4-7

Altars:
The Shining One

Annotations:
D:3 Charly's ghost, weakling HOSk


Innate Abilities, Weirdness & Mutations

You can breathe waves of freezing cold.
You can buffet flying creatures when you breathe cold.
Your icy white scales are hard (AC +6).
Your body does not fit into most forms of armour.
Your flesh is cold resistant.
You are cold-blooded and may be slowed by cold attacks.


Message History

The orc priest miscasts a cantrip.
The orc wizard closely misses you.
You hit the orc priest but do no damage.
The orc priest looks even sicker.
The orc priest is lightly wounded.
The orc wizard hits you but does no damage.
The orc priest invokes the aid of Beogh against you.
Beogh smites you!
* * * LOW HITPOINT WARNING * * *
The orc priest invokes the aid of Beogh against you.
Beogh smites you!
* * * LOW HITPOINT WARNING * * *
You take 22 damage, and have 3/58 hp.
MASSIVE DAMAGE!!
Drink which item? (? for menu, Esc to quit)
It was a potion of invisibility.
You fade into invisibility!
The orc wizard closely misses you. The orc wizard barely misses you.
The orc priest invokes the aid of Beogh against you.
Pain shoots through your body!
You die...

#................###..
#....................
#................####.#
#.......###............
#.......# #####...###.
######### #...# #...#
###########...###..
.....?(oo@o........
###....####...#####
#.... ##### #.... #o...
...... .o..... (..####


You could see 2 orc priests and an orc wizard.

Vanquished Creatures
  A phantom (D:5)
  An ogre (D:4)
  A scorpion (D:4)
  2 howler monkeys (D:4)
  A crimson imp (D:5)
  A giant frog zombie (D:5)
  A jelly (D:4)
  An orc priest (D:5)
  2 hounds
  4 orc wizards
  Jessica (D:2)
  Natasha (thrice) (D:4)
  A worker ant (D:4)
  Ijyb (D:3)
  2 adders
  An ooze (D:2)
  2 adder skeletons (D:4)
  A giant gecko (D:3)
  17 orcs
  4 ball pythons (D:1)
  6 giant cockroaches
  7 goblins
  7 hobgoblins
  4 kobolds
  3 quokkas
  6 bats
  2 giant newts (D:1)
  12 rats
95 creatures vanquished.

Notes
Turn   | Place    | Note
--------------------------------------------------------------
     0 | D:1      | namelastname112 the Draconian Assassin began the quest for the Orb.
     0 | D:1      | Reached XP level 1. HP: 17/17 MP: 1/1
    88 | D:1      | Reached skill level 1 in Dodging
    90 | D:1      | Reached XP level 2. HP: 11/24 MP: 2/2
   323 | D:1      | Nattefrost: :p
   516 | D:1      | namelastname112: en is not my background
   516 | D:1      | namelastname112: !lg . won en
   538 | D:2      | beem: 1. namelastname112 the Phalangite (L27 DrEn of Gozag), escaped with the Orb and 3 runes on 2015-05-13 21:40:29, with 1627982 points after 86505 turns and 4:33:15.
   542 | D:2      | Reached XP level 3. HP: 30/30 MP: 3/3
   687 | D:2      | Noticed Jessica
   700 | D:2      | Killed Jessica
   700 | D:2      | Reached skill level 4 in Stealth
   873 | D:2      | Reached XP level 4. HP: 37/37 MP: 4/4
   881 | D:2      | Found a glowing golden altar of the Shining One.
  1182 | D:3      | Noticed Ijyb
  1221 | D:3      | Killed Ijyb
  1276 | D:3      | Reached XP level 5. HP: 42/44 MP: 5/5
  1611 | D:3      | Noticed Charly's ghost (weakling HOSk)
  1690 | D:4      | Reached XP level 6. HP: 27/51 MP: 6/6
  1951 | D:4      | Reached skill level 5 in Stealth
  2060 | D:4      | Noticed Natasha
  2071 | D:4      | Killed Natasha
  2284 | D:4      | Noticed Natasha
  2291 | D:4      | Killed Natasha
  2409 | D:4      | Noticed Natasha
  2411 | D:4      | Killed Natasha
  2474 | D:4      | Your scales start taking on an icy white colour.
  2474 | D:4      | Reached XP level 7. HP: 57/57 MP: 7/7
  2474 | D:4      | Gained mutation: Your flesh is cold resistant. [White Draconian growth]
  2601 | D:5      | Entered Level 5 of the Dungeon
  2991 | D:5      | Reached skill level 6 in Stealth
  3104 | D:5      | Reached skill level 5 in Short Blades
  3108 | D:5      | Killed from afar by an orc priest

Skill      XL: |  1  2  3  4  5  6  7 |
---------------+----------------------+-----
Dodging        | 1 2 |  2.8
Throwing       | 2 3 |  3.5
Short Blades   | 3 4 5 |  5.0
Stealth        | 4 5 6 |  6.1
Fighting       | 3 |  3.8

Action                   |  1- 3 |  4- 6 |  7- 9 || total
-------------------------+-------+-------+-------++-------
Melee: Dagger            |    77 |   179 |    94 ||   350
       Tailslap          |     4 |    31 |    12 ||    47
 Fire: Blowgun           |       |     8 |       ||     8
Throw: Javelin           |       |     2 |    29 ||    31
 Abil: Breathe Frost     |       |       |     6 ||     6
  Use: Potion            |       |       |     4 ||     4
 Stab: Sleeping          |     8 |     1 |       ||     9
       Distracted        |     1 |     2 |       ||     3
  Eat: Chunk             |       |     5 |     2 ||     7
       Fruit             |       |       |     1 ||     1
Armor: Skin              |    20 |    47 |    36 ||   103
Dodge: Dodged            |    39 |    90 |    54 ||   183
